 Dungeon Crawl Stone Soup version 0.32-a0-12-g7fc57aa741 (webtiles) character file.

Game seed: 7789888105924815338

4799 avis the Summoner (level 10, 51/51 HPs)
             Began as a Felid Summoner on Jan 13, 2024.
             Was an Initiate of Gozag.
             Got out of the dungeon alive.
             The game lasted 01:40:15 (10146 turns).

avis the Summoner (Felid Summoner)                 Turns: 10146, Time: 01:40:15

Health: 51/51      AC:  2    Str:  4    XL:     10   Next: 24%
Magic:  21/21      EV: 17    Int: 28    God:    Gozag
Gold:   1238       SH:  0    Dex: 18    Spells: 4/23 levels left
                                        Lives:  0   Deaths: 2

rFire   . . .        (weapon unavailable)
rCold   . . .        (shield unavailable)
rNeg    . . .        (body armour unavailable)
rPois   .            (helmet unavailable)
rElec   .            (cloak unavailable)
rCorr   .            (gloves unavailable)
SInv    +            (boots unavailable)
Will    +....        (no amulet)
Stlth   ++++         g - ring of wizardry
HPRegen 0.28/turn    E - +6 ring of intelligence
MPRegen 0.17/turn

%: wizardry (x1)
@: no status effects
A: very small, claws 1, fangs 3, see invisible, shaggy fur 2, stealthy paws, no
weapons or thrown items, no armour, multi-lived
a: Renounce Religion, Potion Petition, Call Merchant, Bribe Branch


You escaped.
You worshipped Gozag.
Gozag was most pleased with you.
You visited 2 branches of the dungeon, and saw 9 of its levels.
You also visited: Sewer and Ossuary.

You collected 1313 gold pieces.
You paid 75 gold pieces to Gozag.

Inventory:

Jewellery
 g - a ring of wizardry (left paw)
 w - a +6 ring of dexterity
 x - a ring of magical power
 E - a +6 ring of intelligence (right paw)
 I - an amulet of magic regeneration
Talismans
 f - a flux talisman
Wands
 o - a wand of mindburst (19)
 B - a wand of polymorph (3)
 H - a wand of paralysis (9)
Scrolls
 c - 2 scrolls of poison {unknown}
 d - a scroll of revelation {unknown}
 j - 3 scrolls of noise {unknown}
 k - a scroll of torment {unknown}
 n - 2 scrolls of immolation {unknown}
 p - 2 scrolls of teleportation {unknown}
 t - a scroll of brand weapon {unknown}
 u - a scroll of vulnerability {unknown}
 v - a scroll of enchant weapon {unknown}
 y - a scroll of blinking {unknown}
 C - a scroll of fear {unknown}
 D - 5 scrolls of amnesia {unknown}
 F - a scroll of silence {unknown}
Potions
 a - 3 potions of magic
 b - 3 potions of curing
 e - 3 potions of enlightenment
 h - a potion of lignification
 i - 6 potions of heal wounds
 l - 6 potions of might
 m - 3 potions of degeneration
 q - 3 potions of mutation
 r - 2 potions of haste
 s - a potion of resistance
 z - a potion of berserk rage {unknown}
 A - 2 potions of ambrosia
 G - a potion of brilliance {unknown}


   Skills:
 + Level 4.5 Fighting
 - Level 2.6 Dodging
 + Level 7.2 Stealth
 + Level 7.1 Spellcasting
 + Level 8.1 Summonings
 * Level 2.6 Necromancy
 - Level 2.0 Translocations
 - Level 5.0 Fire Magic
 * Level 4.9 Air Magic
 * Level 1.2 Shapeshifting


You had 4 spell levels left.
You knew the following spells:

 Your Spells              Type           Power      Damage    Failure   Level
a - Summon Small Mammal   Summ           100%       N/A       1%          1
b - Blink                 Tloc           42%        N/A       1%          2
c - Call Imp              Summ           100%       N/A       1%          2
d - Call Canine Familiar  Summ           54%        N/A       1%          3
f - Fugue of the Fallen   Necr           24%        N/A       2%          3
g - Summon Blazeheart Go  Fire/Summ      46%        N/A       1%          4
l - Summon Lightning Spi  Summ/Air       46%        N/A       1%          4

Your spell library contained the following spells:

 Spells                   Type           Power      Damage    Failure   Level
 Lesser Beckoning         Tloc           42%        N/A       1%          2
 Static Discharge         Conj/Air       46%        3-5/arc   1%          2
 Sandblast                Erth           18%        2d7       2%          1
 Momentum Strike          Conj/Tloc      30%        3d8       2%          2
 Airstrike                Air            18%        2d(3-19)  2%          4
 Ensorcelled Hibernation  Hex/Ice        18%        N/A       3%          2
 Passwall                 Erth           9%         N/A       6%          3
 Stone Arrow              Conj/Erth      18%        3d8       6%          3
 Tukima's Dance           Hex            9%         N/A       6%          3
 Passage of Golubria      Tloc           21%        N/A       10%         4
 Anguish                  Hex/Necr       8%         N/A       12%         4
 Brom's Barrelling Bould  Conj/Erth      9%         2d3       21%         4
 Yara's Violent Unravell  Hex/Alch       4%         3d4       50%         5


Dungeon Overview and Level Annotations

Branches:
Dungeon (8/15)             Temple (1/1) D:4           Sewer (visited)
Ossuary (visited)
   Lair: D:8-11

Altars:
Cheibriados
Dithmenos
Elyvilon
Fedhas
Gozag
Hepliaklqana
Makhleb
Nemelex Xobeh
Okawaru
Ru
Sif Muna
Trog
Uskayaw
Xom
Zin

Shops:
D:2 (   D:5 *   D:7 (

Annotations:
D:8 2 transporters, exclusion: oklob plant, zenocrate's ghost, novice VSEn


Innate Abilities, Weirdness & Mutations

You have sharp claws.
You have razor-sharp teeth.
You have supernaturally acute eyesight. (SInv)
You are covered in thick fur. (AC +2)
Your paws help you pounce on unaware monsters.
You are incapable of wielding weapons or throwing items.
You cannot wear armour.
You gain extra lives every three experience levels.


Message History

* * * LOW HITPOINT WARNING * * *
You are lethally poisoned!
The killer bee poisons you! Something stings your blazeheart golem!
Your blazeheart golem falls apart and the last of its fire goes out.
Your inugami barely misses the killer bee.
* * * LOW HITPOINT WARNING * * *
You feel very sick. The killer bee stings you!
You die...
The killer bee stings you.
Your inugami hits the killer bee.
You rejoin the land of the living...
What level of the Dungeon? (default 7, ? - help)
Okay, then.
What level of the Dungeon? (default 7, ? - help)
A killer bee is nearby!
There is a stone staircase leading up here.
You climb upwards.
There is a stone staircase leading down here.
What level of the Dungeon? (default 1, ? - help)
There is a stone staircase leading up here.
You climb upwards.
There is a stone staircase leading down here.
There is a stone staircase leading up here.
You climb upwards.
There is a stone staircase leading down here.
There is a stone staircase leading up here.
You climb upwards.
There is a stone staircase leading down here.
There is a stone staircase leading up here.
You climb upwards.
There is a stone staircase leading down here.
There is a stone staircase leading up, spattered with blood here.
You climb upwards.
There is a stone staircase leading down here.
There is a stone staircase leading up here.
You climb upwards.
There is a stone staircase leading down here.
You see here 6 stones.
There is a staircase leading out of the dungeon here.
You have escaped!

########.##.###### ##.#
#.....##.##.##...#####(##
#.....##.##.#..#..##....##
#........##...#.#..#.#...#
#............#...#.......#
#.......#####.....#####..#
##........#...........#..##
##.....##..#.........#..##
##......#..#....@....#..##
...####...#...........#..#
...###...#####.....#####.#
...##..#......#...#......#
...##.###.###..#.#..######
...##.##...#.#..#..##
...)...#.#.#.......##
...#...#.#..........#
...##..#........###.#


There were no monsters in sight!

Vanquished Creatures
  2 yaks (D:8)
  An elf zombie (Ossuary)
  A jelly (Sewer)
  A gnoll (D:8)
  2 giant cockroaches
  A hobgoblin (D:4)
  A quokka (D:4)
  4 ball pythons
  2 goblin zombies (D:5)
  A kobold (D:8)
  2 rats
18 creatures vanquished.

Vanquished Creatures (collateral kills)
  Grinder (D:3)
  A wyvern (D:7)
  A vampire (D:8)
  Eustachio (D:4)
  A yak (D:8)
  2 water moccasins
  An orc warrior (D:7)
  3 sky beasts
  A black bear (D:4)
  A centaur (D:6)
  2 ogres
  2 phantoms
  An elf zombie (Ossuary)
  4 bullfrogs
  2 kobold brigands
  A weeping skull (Ossuary)
  6 scorpions
  Blork the orc (D:5)
  2 burial acolytes (Ossuary)
  3 wights (D:7)
  A nameless horror (D:4)
  An electric eel (D:7)
  A bombardier beetle (D:4)
  3 centaur zombies (Ossuary)
  An orc priest (D:6)
  6 hounds
  A sleepcap (D:5)
  4 gnoll boudas
  4 jellies
  Jessica (D:3)
  An iguana (D:4)
  Terence (D:2)
  4 orc wizards
  6 hound zombies (Ossuary)
  2 mummies (Ossuary)
  9 adders
  17 gnolls
  7 river rats
  2 ufetubi (D:5)
  6 dart slugs
  3 ribbon worms
  9 orcs
  4 ball pythons
  A bat (D:3)
  19 endoplasms
  9 giant cockroaches
  2 gnoll zombies (Ossuary)
  3 hobgoblins
  6 jackals
  16 kobolds
  4 quokkas
  2 frilled lizards (Sewer)
  5 goblins
  4 orc zombies (Ossuary)
  8 rats
210 creatures vanquished.

Vanquished Creatures (others)
  3 blazeheart cores (D:8)
3 creatures vanquished.

Grand Total: 231 creatures vanquished

Notes
Turn   | Place    | Note
-------+----------+-------------------------------------------
     0 | D:1      | avis the Felid Summoner began the quest for the Orb.
     0 | D:1      | Reached XP level 1. HP: 9/9 MP: 4/4
   311 | D:1      | Found a faded altar of an unknown god.
   415 | D:1      | Reached XP level 2. HP: 13/13 MP: 3/6
   418 | D:1      | Learned a level 2 spell: Call Imp
  1183 | D:2      | Found Zutatob's Weapon Shop.
  1237 | D:2      | Reached XP level 3. HP: 16/16 MP: 0/8
  1375 | D:2      | Learned a level 3 spell: Call Canine Familiar
  1502 | D:2      | Noticed Terence
  1517 | D:2      | Killed Terence
  1518 | D:2      | Reached XP level 4. HP: 21/21 MP: 4/10
  1518 | D:2      | Gained a life (2 lives remaining)
  1569 | D:2      | Learned a level 4 spell: Summon Blazeheart Golem
  2457 | D:3      | Noticed Jessica
  2470 | D:3      | Killed Jessica
  2471 | D:3      | Reached skill level 1 in Fire Magic
  2471 | D:3      | Reached XP level 5. HP: 25/25 MP: 8/11
  2540 | D:3      | Noticed Grinder
  2552 | D:3      | Killed Grinder
  2553 | D:3      | Reached skill level 1 in Fighting
  2553 | D:3      | Reached skill level 5 in Summonings
  2553 | D:3      | Gained mutation: You are covered in thick fur. (AC +2)
                  | [Felid growth]
  2553 | D:3      | Reached XP level 6. HP: 30/30 MP: 7/13
  3306 | D:4      | Noticed a +0 falchion
  3307 | D:4      | Noticed a +0 spear
  3311 | D:4      | Noticed a +0 dagger
  3312 | D:4      | Noticed a +0 falchion
  3314 | D:4      | Noticed a +0 short sword
  3320 | D:4      | Reached XP level 7. HP: 34/34 MP: 7/14
  3618 | D:4      | Found a glowing drain.
  3623 | Sewer    | Entered a sewer
  3767 | Sewer    | Reached skill level 5 in Spellcasting
  3767 | Sewer    | Reached skill level 6 in Summonings
  3807 | Sewer    | Found a viscous altar of Jiyva.
  4040 | Sewer    | Learned a level 4 spell: Summon Lightning Spire
  4128 | D:4      | Noticed Eustachio
  4177 | D:4      | Found a staircase to the Ecumenical Temple.
  4184 | Temple   | Entered the Ecumenical Temple
  4194 | Temple   | Became a worshipper of Gozag Ym Sagoz the Greedy
  4490 | D:4      | Killed Eustachio
  4491 | D:4      | Reached XP level 8. HP: 33/39 MP: 4/16
  4610 | D:4      | Reached skill level 1 in Air Magic
  4808 | D:4      | Noticed a +0 short sword
  4812 | D:4      | Noticed a +0 spear
  4813 | D:4      | Noticed a +0 dagger
  4821 | D:4      | Found a hide-covered altar of Uskayaw.
  5143 | D:5      | Entered Level 5 of the Dungeon
  5249 | D:5      | Found a sand-covered staircase.
  5274 | Ossuary  | Entered an ossuary
  5308 | Ossuary  | Reached skill level 5 in Stealth
  5930 | D:5      | Reached skill level 7 in Summonings
  6017 | D:5      | Reached XP level 9. HP: 44/44 MP: 11/19
  6096 | D:5      | Learned a level 2 spell: Blink
  6261 | D:5      | Found Dyxzekue's General Store.
  6290 | D:5      | Noticed Blork the orc
  6306 | D:5      | Killed Blork the orc
  7101 | D:5      | Reached skill level 5 in Fire Magic
  7476 | D:6      | Found a sacrificial altar of Ru.
  7543 | D:6      | Found a white marble altar of Elyvilon.
  8119 | D:6      | Learned a level 3 spell: Fugue of the Fallen
  8184 | D:7      | Found Byojoir's Weapon Shoppe.
  8390 | D:7      | Reached skill level 1 in Translocations
  8404 | D:7      | Reached skill level 1 in Necromancy
  8673 | D:7      | Found a shadowy altar of Dithmenos.
  8777 | D:7      | Reached skill level 8 in Summonings
  9057 | D:7      | Reached XP level 10. HP: 14/50 MP: 10/21
  9191 | D:7      | Upgraded the game from 0.32-a0-7-ge934b4519a to
                  | 0.32-a0-12-g7fc57aa741
  9408 | D:8      | Slain by a vampire
  9408 | D:8      | Lost a life (1 life remaining)
  9413 | D:8      | Found a burning altar of Makhleb.
  9413 | D:8      | Found a shimmering blue altar of Sif Muna.
  9701 | D:8      | Noticed zenocrate's ghost (novice VSEn)
  9708 | D:8      | Found a transporter.
  9709 | D:8      | Noticed a cyclops
  9710 | D:8      | Noticed an oklob plant
  9718 | D:8      | Found a transporter.
  9818 | D:8      | Reached skill level 1 in Shapeshifting
 10017 | D:8      | Slain by a killer bee
 10017 | D:8      | Lost a life (0 lives remaining)
 10146 | D:$      | Got out of the dungeon alive.

Illustrated notes

Levels and vault maps discovered:
D:1:      scummos_arrival_star, layout_basic, shapermc_ecumenical_altar_venn,
          minmay_3d_cube
D:2:      layout_basic, serial_shops, nicolae_shop_bloodbath_and_beyond,
          uniq_terence
D:3:      layout_loops_ring, uniq_jessica, uniq_grinder
D:4:      layout_cave_pods, nicolae_uskayaw_en_pointe, minmay_temple_entry_hall,
          lightli_sewer_entry_pipes, dreamdust_gnoll_farm, uniq_eustachio
D:5:      layout_basic, enter_ossuary_4, serial_shops, shop, uniq_blork_the_orc
D:6:      layout_loops_ring, mainiacjoe_overflow_surrounded_room,
          mainiacjoe_overflow_six_doors_small
D:7:      layout_rooms, lemuel_round_altar, serial_shops, shop,
          kennysheep_pointless_box, minmay_misc_feat_four_crosses
D:8:      layout_gridville, nicolae_overflow_hidden_temple,
          gammafunk_temple_overflow_pools, nzn_ghost_randoct, nzn_life_drinkers
Temple:   hellmonk_temple_rainy

Skill      XL: |  1  2  3  4  5  6  7  8  9 10 |
---------------+-------------------------------+-----
Spellcasting   | 3 4 5 6 7 |  7.1
Stealth        | 3 4 5 7 |  7.2
Fire Magic     | 1 2 3 4 5 |  5.0
Fighting       | 1 2 3 4 |  4.5
Summonings     | 5 6 7 8 |  8.1
Air Magic      | 2 4 |  4.9
Translocations | 2 |  2.0
Necromancy     | 1 2 |  2.6
Shapeshifting  | 1 |  1.2
Dodging        | |  2.6

Action                     |  1- 3 |  4- 6 |  7- 9 | 10-12 || total
---------------------------+-------+-------+-------+-------++-------
  Melee: Unarmed           |     5 |     4 |    48 |    14 ||    71
         Bite              |     1 |       |     8 |     3 ||    12
         Punch             |       |       |     1 |     1 ||     2
   Cast: Summon Small Mamm |    43 |     4 |    37 |     2 ||    86
         Call Imp          |    14 |    11 |    23 |       ||    48
         Call Canine Famil |     1 |    14 |    50 |     4 ||    69
         Summon Blazeheart |       |       |     6 |     9 ||    15
         Summon Lightning  |       |       |    34 |     2 ||    36
    Use: Scroll            |       |     4 |     4 |     3 ||    11
         Potion            |       |       |     2 |       ||     2
   Stab: Sleeping          |       |       |     3 |       ||     3
         Distracted        |       |       |     2 |       ||     2
 Armour: Skin              |     4 |     2 |    52 |    24 ||    82
  Dodge: Dodged            |     9 |     6 |    99 |    30 ||   144

Table legend: (Time is in decaauts)
 A = Elapsed time spent in this place.
 B = Non-inter-level travel time spent in this place.
 C = Inter-level travel time spent in this place.
 D = Time resting spent in this place.
 E = Time spent auto-exploring this place.
 F = Levels seen in this place.
 G = Mean time per level.
                   A        B        C        D        E       F      G
               +--------+--------+--------+--------+--------+-----+--------+
         Total |  10203 |   9450 |    753 |   1711 |   4025 |  11 |  927.5 |
       Dungeon |   9074 |   8330 |    744 |   1492 |   3924 |   8 | 1134.2 |
        Temple |     83 |     74 |      9 |     62 |      0 |   1 |   83.0 |
         Sewer |    459 |    459 |      0 |    106 |     72 |   1 |  459.0 |
       Ossuary |    586 |    586 |      0 |     51 |     29 |   1 |  586.0 |
               +--------+--------+--------+--------+--------+-----+--------+

Top non-repeatable levels by time:
     D:4: 1347 daAuts
     D:5: 1323 daAuts
     D:1: 1235 daAuts
     D:2: 1180 daAuts
     D:6: 1168 daAuts
     D:7: 1066 daAuts
     D:3: 975 daAuts
     D:8: 776 daAuts
 Ossuary: 586 daAuts
   Sewer: 459 daAuts
  Temple: 83 daAuts
